 Dungeon Crawl Stone Soup version 0.28.0 (webtiles) character file.

Game seed: 10150752914628920111

6308 fragbeetle the Spear-Bearer (level 10, -17/67 HPs)
             Began as a Demonspawn Gladiator on Feb 13, 2022.
             Was a Believer of Makhleb.
             Demolished by a catoblepas (26 damage)
             ... on level 10 of the Dungeon.
             The game lasted 00:22:14 (12058 turns).

fragbeetle the Spear-Bearer (Demonspawn Gladiator) Turns: 12058, Time: 00:22:14

Health: -17/67     AC: 16    Str: 18    XL:     10   Next: 63%
Magic:  10/10      EV: 12    Int: 11    God:    Makhleb [**....]
Gold:   301        SH:  4    Dex: 18    Spells: 6/9 levels left

rFire   + . .      SeeInvis .   H - +4 halberd
rCold   . . .      Faith    .   (shield currently unavailable)
rNeg    . . .      Spirit   .   x - +2 leather armour "Luqasai" {Will+ rCorr Dex+4}
rPois   +          Reflect  .   (helmet restricted)
rElec   .          Harm     .   I - +0 cloak
rCorr   +          Rampage  .   (no gloves)
Will    ++...                   j - +0 pair of boots
Stlth   +.........              (no amulet)
HPRegen 0.21/turn               w - ring of protection from fire
MPRegen 0.12/turn               c - ring of willpower

@: no status effects
A: horns 1, slimy green scales 3, icemail 1, powered by death 1, condensation
shield
a: Renounce Religion, Minor Destruction


You were on level 10 of the Dungeon.
You worshipped Makhleb.
Makhleb was pleased with you.
You visited 2 branches of the dungeon, and saw 11 of its levels.

You collected 534 gold pieces.
You spent 233 gold pieces at shops.

Inventory:

Hand Weapons
 a - a +0 trident
 z - a +0 shortbow of freezing
 H - a +4 halberd (weapon)
Missiles
 d - 3 throwing nets (quivered)
 n - 38 poisoned darts
 A - 83 arrows
 B - 3 boomerangs
 L - 2 boomerangs of dispersal
Armour
 f - a +2 robe of willpower
 j - a +0 pair of boots (worn)
 x - the +2 leather armour "Luqasai" (worn) {Will+ rCorr Dex+4}
   (You found it on level 8 of the Dungeon)

   Dex:       It affects your dexterity (+4).
   rCorr:     It protects you from acid and corrosion.
   Will:      It increases your willpower.
 E - a +0 buckler
 I - a +0 cloak (worn)
 J - a +0 plate armour of cold resistance
Jewellery
 c - a ring of willpower (right hand)
 w - a ring of protection from fire (left hand)
 K - a ring of resist corrosion
Wands
 h - a wand of paralysis (9)
 o - a wand of mindburst (17)
 p - a wand of iceblast (7)
 D - a wand of flame (13)
 G - a wand of acid (1)
Scrolls
 k - 4 scrolls of enchant weapon {unknown}
 l - 2 scrolls of identify
 m - 2 scrolls of teleportation
 r - 3 scrolls of blinking {unknown}
 u - 2 scrolls of magic mapping {unknown}
 v - 2 scrolls of amnesia {unknown}
 y - a scroll of silence {unknown}
 F - a scroll of enchant armour {unknown}
 N - a scroll of fear {unknown}
Potions
 e - a potion of mutation {unknown}
 g - a potion of magic {unknown}
 i - 3 potions of cancellation
 q - a potion of curing
 s - 3 potions of haste
 t - 2 potions of might
 C - a potion of attraction
Miscellaneous
 M - a box of beasts


   Skills:
 - Level 2.0 Fighting
 - Level 14.0 Polearms
 - Level 1.7 Throwing
 + Level 5.2 Armour
 - Level 2.6 Dodging


You had 6 spell levels left.
You knew the following spells:

 Your Spells              Type           Power      Damage    Failure   Level
a - Vampiric Draining     Necr           0%         2d6       77%         3

Your spell library contained the following spells:

 Spells                   Type           Power      Damage    Failure   Level
 Slow                     Hex            0%         N/A       38%         1
 Static Discharge         Conj/Air       0%         N/A       52%         2
 Sublimation of Blood     Necr           0%         N/A       52%         2
 Confusing Touch          Hex            0%         N/A       77%         3
 Tukima's Dance           Hex            0%         N/A       77%         3
 Dispel Undead            Necr           0%         3d6       99%         4
 Hailstorm                Conj/Ice       0%         3d3       99%         4
 Ice Form                 Ice/Tmut       0%         N/A       99%         4
 Passage of Golubria      Tloc           0%         N/A       99%         4
 Petrify                  Tmut/Erth      0%         N/A       99%         4
 Sticky Flame             Conj/Fire      0%         2d3       99%         4
 Irradiate                Conj/Tmut      0%         3d14      100%        5
 Yara's Violent Unravell  Hex/Tmut       0%         3d3       100%        5
 Simulacrum               Ice/Necr       0%         N/A       100%        6


Dungeon Overview and Level Annotations

Branches:
Dungeon (10/15)            Temple (1/1) D:6
   Lair: D:8-11         Orc: D:9-12

Altars:
Ashenzari
Cheibriados
Dithmenos
Elyvilon
Gozag
Hepliaklqana
Makhleb
Nemelex Xobeh
Okawaru
Qazlal
Ru
Sif Muna
Trog
Uskayaw
Vehumet
Wu Jian
Xom
Yredelemnul
Zin
The Shining One

Shops:
D:3 !   D:6 !(!:

Annotations:
D:4 Sigmund


Innate Abilities, Weirdness & Mutations

You have a pair of small horns on your head.
You are completely covered in slimy green scales. (AC +4, rPois)
A meltable icy envelope protects you from harm. (AC +4)
You regenerate a little health from kills.
A meltable shield of frost defends you. (SH +4)


Message History

The orc warrior is moderately wounded.
The orc warrior closely misses you.
You hit the orc warrior. Your headbutt misses the orc warrior.
The orc warrior is heavily wounded.
You block the orc warrior's attack.
You barely miss the orc warrior.
The orc warrior is heavily wounded.
The orc warrior misses you.
You hit the orc warrior but do no damage.
You headbutt the orc warrior, but do no damage.
The orc warrior is heavily wounded.
You puncture the catoblepas!
The catoblepas is moderately wounded.
You puncture the catoblepas! You headbutt the catoblepas.
The catoblepas is moderately wounded.
A kobold brigand comes into view.
It is wielding a +0 short sword and quivering curare-tipped darts.
The kobold brigand shouts!
You puncture the catoblepas!
The catoblepas is heavily wounded.
You hear a shout!
The catoblepas closely misses you.
You puncture the catoblepas!
The catoblepas is severely wounded.
The catoblepas gores you!!
You hit the catoblepas but do no damage.
The catoblepas is severely wounded.
The catoblepas gores you!
You hit the catoblepas but do no damage.
The catoblepas is severely wounded.
You block the catoblepas's attack.
You slash the catoblepas! Your headbutt misses the catoblepas.
The catoblepas is severely wounded.
You slash the catoblepas!
The catoblepas is almost dead.
The catoblepas gores you!
* * * LOW HITPOINT WARNING * * *
You puncture the catoblepas!
The catoblepas is almost dead.
The catoblepas gores you!!
You die...

##### ...>.# .....
#####
####..##...##########
.........#@#......().
...#[....#.Yo########
# #...#####K....#
#)#.....#...###.....
###.#..#..#.#.# ##K
#.........o.....
#.#.#..#..###.##
#.#.#.....# #.#
#.#.#..#### ###


You could see a catoblepas, an orc warrior and a kobold brigand.

Vanquished Creatures
  2 two-headed ogres (D:9)
  A cyclops (D:7)
  Psyche (D:8)
  A hornet (D:8)
  A wyvern (D:5)
  A shadow (D:9)
  Grum (D:8)
  A steam dragon (D:7)
  2 vampire mosquitoes (D:6)
  An acid dragon (D:8)
  An ice beast (D:6)
  3 orc warriors
  An ogre (D:6)
  A black bear (D:7)
  A hornet zombie (D:8)
  2 sky beasts
  3 wolves
  4 centaurs
  2 kobold brigands
  2 scorpions
  2 bullfrogs
  A water moccasin zombie (D:5)
  A wyvern skeleton (D:7)
  6 killer bees (D:10)
  5 wights (D:9)
  2 centaur zombies (D:8)
  A bullfrog skeleton (D:5)
  2 hounds (D:5)
  A jelly (D:7)
  5 orc priests
  A centaur skeleton (D:7)
  A gnoll shaman (D:5)
  Crazy Yiuf (D:6)
  5 iguanas
  11 orc wizards
  A killer bee zombie (D:9)
  4 gnolls (D:5)
  A howler monkey skeleton (D:6)
  4 adders
  A shadow imp (D:8)
  A white imp (D:5)
  2 worms (D:2)
  A dart slug (D:1)
  37 orcs
  4 bats
  5 endoplasms
  4 giant cockroaches
  9 goblins
  3 hobgoblins
  3 jackals (D:2)
  26 kobolds
  4 quokkas
  11 ball pythons
  4 frilled lizards
  A goblin skeleton (D:8)
  A hobgoblin zombie (D:8)
  2 kobold skeletons (D:8)
  An orc skeleton (D:8)
  An orc zombie (D:8)
  9 rats
217 creatures vanquished.

Vanquished Creatures (others)
  An orc (D:3)
  5 plants
  3 withered plants (D:4)
9 creatures vanquished.

Grand Total: 226 creatures vanquished

Notes
Turn   | Place    | Note
-------+----------+-------------------------------------------
     0 | D:1      | fragbeetle the Demonspawn Gladiator began the quest for the
                  | Orb.
     0 | D:1      | Reached XP level 1. HP: 16/16 MP: 1/1
   126 | D:1      | Reached skill level 3 in Polearms
   133 | D:1      | Gained mutation: You are partially covered in slimy green
                  | scales. (AC +2) [demonic ancestry]
   133 | D:1      | Reached XP level 2. HP: 12/22 MP: 2/2
   681 | D:1      | Noticed an eye of devastation
   689 | D:1      | Found a faded altar of an unknown god.
   695 | D:1      | Noticed a shining eye
   695 | D:1      | Noticed an eye of devastation
   695 | D:1      | Noticed a golden eye
  1351 | D:2      | Gained mutation: A meltable shield of frost defends you.
                  | (SH +4) [demonic ancestry]
  1351 | D:2      | Reached XP level 3. HP: 27/27 MP: 3/3
  1607 | D:2      | Reached skill level 4 in Polearms
  2185 | D:3      | Reached XP level 4. HP: 33/33 MP: 4/4
  2298 | D:3      | Found Lesset's Distillery.
  2309 | D:3      | Bought a potion of curing for 42 gold pieces
  3245 | D:3      | Reached skill level 5 in Polearms
  3390 | D:4      | Gained mutation: You have a pair of small horns on your
                  | head. [demonic ancestry]
  3390 | D:4      | Reached XP level 5. HP: 27/38 MP: 5/5
  3504 | D:4      | Noticed Sigmund
  3661 | D:3      | Reached skill level 6 in Polearms
  3875 | D:5      | Entered Level 5 of the Dungeon
  4123 | D:5      | Gained mutation: A meltable icy envelope protects you from
                  | harm. (AC +4) [demonic ancestry]
  4123 | D:5      | Reached XP level 6. HP: 44/44 MP: 6/6
  4799 | D:5      | Noticed a wyvern
  4807 | D:5      | Killed a wyvern
  4808 | D:5      | Reached skill level 7 in Polearms
  4808 | D:5      | Gained mutation: You regenerate a little health from kills.
                  | [demonic ancestry]
  4808 | D:5      | Reached XP level 7. HP: 48/50 MP: 7/7
  5075 | D:5      | Reached skill level 8 in Polearms
  5435 | D:6      | Found Irumuofi's Book Shop.
  5490 | D:6      | Found a runed translucent door.
  5491 | D:6      | Noticed Crazy Yiuf
  5550 | D:6      | Found Ackinock's Distillery.
  5579 | D:6      | Bought a potion of heal wounds for 75 gold pieces
  5579 | D:6      | Bought a potion of might for 60 gold pieces
  5939 | D:6      | Found a staircase to the Ecumenical Temple.
  5952 | Temple   | Entered the Ecumenical Temple
  6036 | Temple   | Became a worshipper of Makhleb the Destroyer
  6153 | D:6      | Reached XP level 8. HP: 36/56 MP: 8/8
  6213 | D:6      | Found Gess's Distillery.
  6218 | D:6      | Reached skill level 9 in Polearms
  6268 | D:6      | Bought a potion of degeneration for 14 gold pieces
  6268 | D:6      | Bought a potion of attraction for 42 gold pieces
  6349 | D:6      | Found a stormy altar of Qazlal.
  6631 | D:6      | Reached skill level 10 in Polearms
  6887 | D:6      | Found Jyrygirgh's Weapon Shoppe.
  7330 | D:7      | Reached * piety under Makhleb
  7465 | D:7      | Noticed a cyclops
  7469 | D:7      | Killed a cyclops
  7470 | D:7      | Reached skill level 11 in Polearms
  7470 | D:7      | Gained mutation: You are mostly covered in slimy green
                  | scales. (AC +3) [demonic ancestry]
  7470 | D:7      | Reached XP level 9. HP: 24/61 MP: 9/9
  8094 | D:8      | Noticed Grum
  8314 | D:9      | Found an iron altar of Okawaru.
  8396 | D:9      | Reached skill level 12 in Polearms
  8921 | D:8      | Killed Grum
  9219 | D:8      | Learned a level 3 spell: Vampiric Draining
  9286 | D:8      | Noticed Psyche
  9303 | D:8      | Killed Psyche
  9740 | D:8      | Reached skill level 13 in Polearms
  9764 | D:8      | Identified the +2 leather armour "Luqasai" {Will+ rCorr
                  | Dex+4}
  9860 | D:8      | Reached ** piety under Makhleb
 10122 | D:7      | Gained mutation: You are completely covered in slimy green
                  | scales. (AC +4, rPois) [demonic ancestry]
 10122 | D:7      | Reached XP level 10. HP: 67/67 MP: 10/10
 10408 | D:6      | Killed Crazy Yiuf
 10545 | D:9      | Noticed a two-headed ogre
 10549 | D:9      | Killed a two-headed ogre
 10720 | D:9      | Noticed a two-headed ogre
 10726 | D:9      | Killed a two-headed ogre
 10727 | D:9      | Reached skill level 14 in Polearms
 11134 | D:9      | Found a shimmering blue altar of Sif Muna.
 11633 | D:10     | Entered Level 10 of the Dungeon
 11936 | D:10     | Reached skill level 5 in Armour
 12025 | D:10     | Noticed a catoblepas
 12058 | D:10     | Demolished by a catoblepas

Illustrated notes

Levels and vault maps discovered:
D:1:      beargit_arrival_greenhouse, layout_loops_ring,
          hellmonk_ecumenical_altar_watching_god, solitary_fountain,
          chequers_avenue, minmay_misc_feat_rugged, minmay_pentomino_x4
D:2:      layout_basic
D:3:      layout_loops_cross, serial_shops, shop, minmay_hedge_maze,
          wad_woods_river_04, minmay_misc_feat_rows
D:4:      layout_cave_pods, grunt_temple_overflow_growth_and_decay,
          serial_column_ruins, column_ruins_pillar_11, column_ruins_pillar_2,
          column_ruins_pillar_1, column_ruins_pillar_1, column_ruins_pillar_5,
          column_ruins_pillar_1, column_ruins_pillar_2, column_ruins_pillar_2,
          column_ruins_pillar_4, column_ruins_pillar_3, column_ruins_pillar_2,
          column_ruins_pillar_6, column_ruins_pillar_9, column_ruins_pillar_6,
          column_ruins_pillar_2, column_ruins_pillar_7, column_ruins_pillar_4,
          column_ruins_pillar_1, serial_shops, nicolae_shop_behind_doors,
          uniq_sigmund, uniq_robin
D:5:      layout_basic
D:6:      layout_loops_ring, nicolae_qazlal_general_emergency,
          minmay_temple_entry_arrows, serial_shops, shop, nicolae_stop_n_shop_1,
          nicolae_shop_bloodbath_and_beyond, nicolae_stop_n_shop_2,
          uniq_crazy_yiuf_cottage
D:7:      layout_rooms, minmay_small_thing
D:8:      layout_gridville, nicolae_tso_besieged_by_evil, uniq_psyche, uniq_grum
D:9:      layout_gridville, okawaru_ov_weapons_minmay,
          mainiacjoe_overflow_alcove_2
D:10:     layout_loops_ring, david_orc_4
Temple:   nicolae_temple_x_marks_the_god

Skill      XL: |  1  2  3  4  5  6  7  8  9 10 |
---------------+-------------------------------+-----
Polearms       | 3 4 5 6 7 8 11 13 14 | 14.0
Armour         | 5 |  5.2
Fighting       | |  2.0
Throwing       | |  1.7
Dodging        | |  2.6

Action                   |  1- 3 |  4- 6 |  7- 9 | 10-12 || total
-------------------------+-------+-------+-------+-------++-------
Melee: Trident           |   188 |   125 |   310 |       ||   623
       Punch             |     2 |       |     1 |       ||     3
       Headbutt          |       |    16 |    57 |    18 ||    91
       Halberd           |       |       |    91 |   130 ||   221
       Unarmed           |       |       |     2 |       ||     2
Throw: Dart              |       |       |     4 |     1 ||     5
       Boomerang         |       |       |     1 |       ||     1
Evoke: Wand              |       |     2 |    10 |     5 ||    17
  Use: Potion            |       |       |     2 |     1 ||     3
       Scroll            |       |       |     3 |     2 ||     5
 Stab: Sleeping          |       |       |       |     2 ||     2
Armor: Leather armour    |     3 |       |    10 |    32 ||    45
       Ring mail         |    45 |    35 |   118 |       ||   198
Dodge: Dodged            |    82 |    49 |   155 |    56 ||   342
Block: Other             |    25 |    11 |    28 |    12 ||    76
       Buckler           |       |       |    48 |       ||    48
